Cogmind - Beta 16.1 @@@ ROGUE MODE // 2026.03.11 @ 16:03:25 Player: Ben Result: Destroyed by Y-64 Sentinel with KE Penetrator Performance ------------- Evolutions (5) 2500 Regions Visited (4) 800 Robots Destroyed (27) 135 Value Destroyed (651) 651 Prototype IDs (0) 0 Alien Tech Used (0) 0 Bonus (0) 0 TOTAL SCORE: 4086 Bonus ------- None Cogmind --------- Core Integrity 0/1000 Matter 53/300 Energy 100/100 System Corruption 17% Temperature Cool (0) Movement Core (50) Location -5/Factory Parts ------- > --- POWER (3) -------- (None) > --- PROPULSION (4) --- (None) > --- UTILITY (5) ------ (None) > --- WEAPON (5) ------- (None) > --- INVENTORY (5) ---- Recoil Stabilizer Reaction Control System Improved Component Analysis Suite Peak State ------------ > --- POWER ------------ Light Nuclear Core Light Nuclear Core > --- PROPULSION ------- Wheel > --- UTILITY ---------- Small Storage Unit Seismic Detector Core Shielding Hardened Light Armor Plating Advanced Shield Generator > --- WEAPON ----------- Disruptor Cannon Beam Cannon Autogun Mini Grenade Launcher > --- INVENTORY -------- Recoil Stabilizer Reaction Control System Hardened Light Armor Plating Improved Component Analysis Suite Mini Grenade Launcher Mining Laser [Rating: 30] Favorites ----------- Power Ion Engine Engine Ion Engine Power Core Light Nuclear Core Propulsion Light Treads Treads Light Treads Wheel Wheel Utility Small Storage Unit Device Seismic Detector Storage Small Storage Unit Protection Core Shielding Weapon Mini Grenade Launcher Energy Gun Medium Laser Energy Cannon Beam Cannon Ballistic Gun Autogun Ballistic Cannon Magnetic Acceleration Cannon Launcher Mini Grenade Launcher Special Weapon Improved Remote Datajack Build | -11 -10 -10 -7 -5 ------- Run | Yrd Mat Sub Rec Fac Slots Evolved 10 | . . . . 10 Power 2 | . . . . 2 Propulsion 2 | . . . . 2 Utility 3 | . . . . 3 Weapon 3 | . . . . 3 Parts Attached 27 | 8 4 . 1 14 Power 4 | 1 1 . . 2 Engine 2 | 1 1 . . . Core 2 | . . . . 2 Reactor . | . . . . . Propulsion 3 | 2 . . 1 . Treads 2 | 2 . . . . Leg . | . . . . . Wheel 1 | . . . 1 . Hover . | . . . . . Flight . | . . . . . Utility 7 | 2 2 . . 3 Device 2 | 1 . . . 1 Storage 2 | 1 1 . . . Processor . | . . . . . Hackware . | . . . . . Protection 3 | . 1 . . 2 Artifact . | . . . . . Weapon 13 | 3 1 . . 9 Energy Gun 3 | 2 . . . 1 Energy Cannon 2 | . . . . 2 Ballistic Gun 2 | . . . . 2 Ballistic Cannon 2 | . . . . 2 Launcher 2 | . 1 . . 1 Special Weapon 2 | 1 . . . 1 Impact Weapon . | . . . . . Slashing Weapon . | . . . . . Piercing Weapon . | . . . . . Special Melee Weapon . | . . . . . Unidentified Prototypes . | . . . . . Parts Lost 24 | . . . 3 21 Power 3 | . . . . 3 Propulsion 3 | . . . 2 1 Utility 6 | . . . . 6 Weapon 12 | . . . 1 11 Highest Loss Streak 18 | . . . 3 18 To Critical Strikes 1 | . . . . 1 Average Backups 5 | 2 5 7 6 4 Power . | . . . . . Propulsion . | 2 1 1 . . Utility 2 | . 2 3 3 3 Weapon 2 | . 2 3 3 1 Tool/Special . | . . . . . Unused Backups 8 | 2 2 . . 4 Power 1 | . . . . 1 Propulsion 3 | 1 2 . . . Utility 3 | . . . . 3 Weapon 1 | 1 . . . . Tool/Special . | . . . . . Average Slot Usage (%) 75 | . 99 100 79 37 Engine 10 | . 14 14 14 1 Treads 14 | . 28 28 9 . Wheel 2 | . . . 8 2 Device 4 | . 8 . . 5 Storage 10 | . 13 14 14 3 Protection 9 | . 5 14 14 6 Energy Gun 8 | . 16 14 4 . Energy Cannon 1 | . . . . 5 Ballistic Cannon 1 | . . . . 3 Launcher 10 | . 11 14 14 4 Peak Build Rating 30 | 7 9 9 9 30 Average Rating 10 | 4 8 9 6 17 On Entrance 6 | . 7 9 9 6 Avg Prop Armor Cover (%) . | . . . . . Naked Turns 15 | . . . . 15 Heaviest Build 87 | 12 87 14 14 43 Greatest Support 40 | 40 40 40 40 10 Greatest Overweight (x) 7 | . 2 . 4 7 Average Overweight (x) . | . . . . 2 Largest Inventory Capacity 25 | 8 25 8 8 8 Average Capacity 7 | 7 8 8 8 6 Most Carried 8 | 5 8 7 7 8 Average Carried 5 | 2 5 7 6 4 Final Capacity 8 | 8 8 8 8 5 Final Carried 7 | 4 7 7 6 3 Class Distribution -------------------- 83% | Mutant 10% | Bomber 5% | Scavenger-Bomber Dominant Class ---------------- Mutant | -10/Materials Mutant | -10/Subcaves Mutant | -7/Recycling Mutant | -5/Factory Resources | -11 -10 -10 -7 -5 ----------- Run | Yrd Mat Sub Rec Fac Matter Collected 555 | 260 14 133 75 73 Remotely . | . . . . . Salvage Created 637 | 26 63 26 238 284 Parts 36 | 4 7 . 9 16 Haulers Intercepted . | . . . . . Recyclers Shooed 1 | . 1 . . . Parts Field Recycled . | . . . . . Retrieved Matter . | . . . . . Parts Self-Destructed 8 | . . 8 . . Prevented . | . . . . . Parts Restored . | . . . . . Kills | -11 -10 -10 -7 -5 ------- Run | Yrd Mat Sub Rec Fac Combat Hostiles Destroyed 14 | . 3 . 1 10 Cannons 2 | . . . . 2 AOE 12 | . 3 . 1 8 Classes Destroyed 12 | 1 4 1 2 4 Worker 2 | . 1 . . 1 Builder 3 | . 1 . 2 . Tunneler 1 | 1 . . . . Recycler 3 | . . . 3 . Turret 1 | . . 1 . . Watcher 3 | . 2 . . 1 Swarmer 9 | . 3 . . 6 Grunt 1 | . . . . 1 Brawler 1 | . . . . 1 Sentry 1 | . . . 1 . Hunter 1 | . . . . 1 Programmer 1 | . . . . 1 Best Kill Streak 6 | 1 5 1 6 5 Combat Bots Only 5 | . 2 . 1 5 Max Kills in Single Turn 4 | 1 2 1 3 4 Gunslinging . | . . . . . Exploded 4 | . 1 . 1 4 Melee . | . . . . . Uniques/NPCs Destroyed . | . . . . . Combat | -11 -10 -10 -7 -5 -------- Run | Yrd Mat Sub Rec Fac Hostile Shots Fired 290 | . 15 3 99 173 Missed 88 | . 2 1 42 43 Hits 202 | . 13 2 57 130 Melee 8 | . . . . 8 Projectile 194 | . 13 2 57 122 Critical Strikes 7 | . . . . 7 Damage Taken 3397 | . 195 15 487 2700 Core 1178 | . 73 . 83 1022 Absorbed by Shields 92 | . . . . 92 Redirected to Shielding 52 | . 6 . 17 29 Core Remaining (%) 68 | 100 . . 37 . Volleys Fired 45 | 1 6 1 8 29 Largest 4 | 2 1 1 1 4 Hottest 201 | 90 30 30 30 201 Shots Fired 68 | 2 6 1 8 51 Gun 12 | 2 . . . 10 Cannon 27 | . . . . 27 Launcher 28 | . 6 1 8 13 Special 1 | . . . . 1 Kinetic 17 | . . . . 17 Thermal 16 | 2 . . . 14 Explosive 28 | . 6 1 8 13 Electromagnetic 6 | . . . . 6 Robot Hit Streak 11 | 1 3 . 3 11 Robot Miss Streak 6 | 1 1 1 2 6 Penetration Max . | . . . . . Secondary Targets . | . . . . . Shots Hit Robots 42 | 1 4 . 5 32 Core Hits 54 | 1 9 1 20 23 Critical Kills . | . . . . . Critical Parts Destroyed . | . . . . . Critical Strikes . | . . . . . Melee Attacks . | . . . . . Impact . | . . . . . Slashing . | . . . . . Piercing . | . . . . . Sneak Attacks . | . . . . . Combat Hostiles . | . . . . . Follow-up Attacks . | . . . . . Damage Inflicted 2030 | 12 357 24 396 1241 Guns 100 | 10 . . . 90 Cannons 433 | . . . . 433 Explosions 1495 | . 357 24 396 718 Melee . | . . . . . Ramming 2 | 2 . . . . Kinetic 292 | . . . . 292 Thermal 171 | 10 . . . 161 Explosive 1495 | . 357 24 396 718 Electromagnetic 70 | . . . . 70 Impact . | . . . . . Slashing . | . . . . . Piercing . | . . . . . Highest Corruption 17 | . . . . 17 Average Corruption 14 | . . . . 14 Corruption Purged . | . . . . . Corruption Blocked . | . . . . . Effects 12 | . . . . 12 Message Errors 3 | . . . . 3 Matter Fused 2 | . . . . 2 Heat Flow Errors 2 | . . . . 2 Energy Discharges 1 | . . . . 1 Parts Fused 1 | . . . . 1 Data Loss (major) 1 | . . . . 1 Misfires 1 | . . . . 1 Misdirections 1 | . . . . 1 Overload Shots . | . . . . . Overflow Damage 15 | . 14 . . 1 Projectiles . | . . . . . Explosions 15 | . 14 . . 1 Melee . | . . . . . Knockbacks 1 | . . . . 1 Impact . | . . . . . Kinetic 1 | . . . . 1 Secondary . | . . . . . Self-Inflicted Damage 270 | . 83 . 67 120 Shots 11 | . 3 . 4 4 Rammed 1 | 1 . . . . Targets Rammed 1 | 1 . . . . Kicked . | . . . . . Crushed . | . . . . . Highest Temperature 338 | 30 . . 13 338 Average Temperature 124 | 18 . . 6 143 Received Heat Transfer 574 | . . 12 126 436 Siege Activations . | . . . . . Martial Activations . | . . . . . Shielding Activations . | . . . . . Robots Disrupted . | . . . . . Combat Hostiles . | . . . . . Robots Corrupted . | . . . . . Combat Hostiles . | . . . . . Parts Fried . | . . . . . Impact Corruptions . | . . . . . Robots Melted . | . . . . . Combat Hostiles . | . . . . . Parts Melted . | . . . . . Heat Transferred 321 | 25 . . . 296 Parts Sabotaged . | . . . . . Parts Stolen . | . . . . . Parts Stripped . | . . . . . Power Chain Reactions . | . . . . . Alert | -11 -10 -10 -7 -5 ------- Run | Yrd Mat Sub Rec Fac Maximum Alert Level . | . . . . . Low Security (%) 100 | 100 100 . 100 100 Level 1 . | . . . . . Level 2 . | . . . . . Level 3 . | . . . . . Level 4 . | . . . . . Level 5 . | . . . . . High Security . | . . . . . Max Security . | . . . . . Peak Influence 170 | 5 110 . 38 170 Initial . | . . . . . Average 22 | . 25 . 3 38 Influence Increases 593 | 5 143 20 71 354 Destroy 0b10 Robot/C 300 | . 60 20 20 200 Destroy 0b10 Robot/NC 60 | 5 20 . 25 10 Destroy Leader 46 | . 14 . . 32 Disable Machine 45 | . . . . 45 Destroy Structure 127 | . 49 . 26 52 Lose Combat Pursuer 15 | . . . . 15 Influence Decreases 593 | 5 128 35 71 354 Entered New Map 8 | . . 8 . . Time Decay 382 | 5 128 27 48 174 Lost Part 203 | . . . 23 180 Squads Dispatched 2 | . . . . 2 Investigation . | . . . . . Extermination 1 | . . . . 1 Reinforcement 1 | . . . . 1 Assault . | . . . . . Garrison . | . . . . . Intercept . | . . . . . Searches Triggered . | . . . . . Construction Impeded . | . . . . . Haulers Reinforced . | . . . . . Active Scanning Responses . | . . . . . Cargo Convoy Interrupts . | . . . . . Stealth | -11 -10 -10 -7 -5 --------- Run | Yrd Mat Sub Rec Fac Distress Signals 1 | . . . . 1 Communications Jammed . | . . . . . Distress Signals . | . . . . . Times Spotted 25 | . 6 1 2 16 Peak Tracking Total 5 | . 3 1 2 5 Tactical Retreats 1 | . . . . 1 Traps | -11 -10 -10 -7 -5 ------- Run | Yrd Mat Sub Rec Fac Traps Triggered 1 | . . . . 1 Indirectly . | . . . . . Trap Hack Attempts . | . . . . . Triggered . | . . . . . Disarmed . | . . . . . Reprogrammed . | . . . . . Reused . | . . . . . Traps Extracted . | . . . . . Installed . | . . . . . Triggered . | . . . . . Machines | -11 -10 -10 -7 -5 ---------- Run | Yrd Mat Sub Rec Fac Machines Disabled 5 | . . 2 . 3 Max in Single Turn 2 | . . 2 . 1 Machines Repaired . | . . . . . Machines Dismantled . | . . . . . Machines Sabotaged . | . . . . . Overloaded Fab Kills . | . . . . . Hacking | -11 -10 -10 -7 -5 --------- Run | Yrd Mat Sub Rec Fac Machines Accessed . | . . . . . Terminals . | . . . . . Fabricators . | . . . . . Repair Stations . | . . . . . Recycling Units . | . . . . . Scanalyzers . | . . . . . Garrison Access . | . . . . . Total Hacks . | . . . . . Successful . | . . . . . Failed . | . . . . . Catastrophic . | . . . . . Database Lockouts . | . . . . . Manual . | . . . . . Terminals . | . . . . . Fabricators . | . . . . . Repair Stations . | . . . . . Recycling Units . | . . . . . Scanalyzers . | . . . . . Garrison Access . | . . . . . Terminal Hacks . | . . . . . Fabricator Hacks . | . . . . . Repair Station Hacks . | . . . . . Recycling Unit Hacks . | . . . . . Scanalyzer . | . . . . . Garrison Access Hacks . | . . . . . Unauthorized Hacks . | . . . . . Terminals . | . . . . . Fabricators . | . . . . . Repair Stations . | . . . . . Recycling Units . | . . . . . Scanalyzers . | . . . . . Garrison Access . | . . . . . Data Cores Recovered . | . . . . . Used . | . . . . . Hacking Detections . | . . . . . Full Trace Events . | . . . . . Feedback Events . | . . . . . Feedback Blocked . | . . . . . Robot Schematics Acquired . | . . . . . Robots Built . | . . . . . Authchips . | . . . . . Time . | . . . . . Total Robot Build Rating . | . . . . . Part Schematics Acquired . | . . . . . Parts Built . | . . . . . Authchips . | . . . . . Time . | . . . . . Total Part Build Rating . | . . . . . Part Studies Acquired . | . . . . . Parts Repaired . | . . . . . Time . | . . . . . Parts Recycled . | . . . . . Recycled Matter . | . . . . . Retrieved Matter . | . . . . . Retrieved Components . | . . . . . Parts Scanalyzed . | . . . . . Part Schematics Acquired . | . . . . . Parts Damaged . | . . . . . Bothacking | -11 -10 -10 -7 -5 ------------ Run | Yrd Mat Sub Rec Fac Used RIF Installer . | . . . . . Robots Hacked 1 | . . . . 1 Non-combat . | . . . . . Combat 1 | . . . . 1 Robot Hacks Applied 1 | . . . . 1 parse_system 1 | . . . . 1 Relay Couplers Released . | . . . . . Fabnet Peak Effective % . | . . . . . Robots Rewired . | . . . . . Allies Hacked . | . . . . . Hacks Repelled . | . . . . . Allies | -11 -10 -10 -7 -5 -------- Run | Yrd Mat Sub Rec Fac Total Allies . | . . . . . Largest Group . | . . . . . Highest-Rated Group . | . . . . . Highest-Rated Ally . | . . . . . Total Orders . | . . . . . Ally Attacks . | . . . . . Total Damage . | . . . . . Kills . | . . . . . Allies Corrupted . | . . . . . Allies Melted . | . . . . . Intel | -11 -10 -10 -7 -5 ------- Run | Yrd Mat Sub Rec Fac Active Infowar (turns) 605 | 15 333 . . 257 Seismic 605 | 15 333 . . 257 Robot Analysis Total . | . . . . . Derelict Logs Recovered . | . . . . . Drone Launches . | . . . . . Drone Recoveries . | . . . . . Exploration | -11 -10 -10 -7 -5 ------------- Run | Yrd Mat Sub Rec Fac Turns Passed 1892 | 100 575 240 423 554 Spaces Moved 1039 | 63 264 142 323 247 Core 97 | 25 . . 15 57 Treads 505 | 38 264 142 61 . Legs . | . . . . . Wheels 437 | . . . 247 190 Hover . | . . . . . Flight . | . . . . . Fastest Speed 50 | 50 160 160 95 50 Average Speed 138 | 116 161 160 112 141 Slowest Speed 400 | 160 320 160 250 400 Overloaded Moves . | . . . . . Propulsion Burnouts . | . . . . . Robots Hopped . | . . . . . Potential Cave-ins 12 | . 7 . 5 . Cave-ins Triggered . | . . . . . Exploration Rate (%) 22 | 4 31 13 60 4 Regions Visited 4 Branch Regions 2 Pre-discovered Areas . | . . . . . Known Exits Taken . | . . . . . Unknown Exits Taken 4 | 1 1 1 1 . Scrap Searched . | . . . . . Spaces Dug . | . . . . . Terrain Destroyed 119 | . 52 9 29 29 Melee . | . . . . . Projectile 1 | . . . . 1 AOE 118 | . 52 9 29 28 Terrain Rammed . | . . . . . Walls Destroyed . | . . . . . Machines Disabled . | . . . . . Actions | -11 -10 -10 -7 -5 --------- Run | Yrd Mat Sub Rec Fac Total 1434 | 88 411 154 374 407 Wait 270 | . 119 12 43 96 Move 1036 | 63 263 141 322 247 Hop . | . . . . . Pick Up 37 | 13 10 . . 14 Fast Attach . | . . . . . Attach 30 | 7 4 . 1 18 Detach 3 | . 1 . . 2 Swap 3 | 2 1 . . . Drop 10 | 2 7 . . 1 Fire 45 | 1 6 1 8 29 Melee . | . . . . . Ram . | . . . . . Kick . | . . . . . Crush . | . . . . . Escape Stasis . | . . . . . Rewire . | . . . . . Trap . | . . . . . Miscellaneous . | . . . . . Route ------- -11/Scrapyard -10/Materials (discovered 2 exits: [*Min] / [*Sub]) -10/Subcaves -7/Recycling -5/Factory History --------- Turn | Location | Event 7 | -11/Scrapyard | Discovered new exit (range 16) 101 | -11/Scrapyard | Entered Materials 102 | -10/Materials | Met a group of wandering Federalists 316 | -10/Materials | Build established: Mutant 647 | -10/Materials | Discovered new exit (range 13) 648 | -10/Materials | Discovered new exit (range 13) 676 | -10/Materials | Entered Subcaves 677 | -10/Subcaves | Continued accompanying wandering Federalists (6) 681 | -10/Subcaves | A swath of the cavern ceiling suddenly collapsed 866 | -10/Subcaves | Discovered new exit (range 13) 895 | -10/Subcaves | Lost 7 allies 916 | -10/Subcaves | Entered Recycling 917 | -7/Recycling | Met a Zionite searching for Scraptown 1041 | -7/Recycling | Core integrity fell below 50% 1082 | -7/Recycling | Lost 3 parts (2n1w) 1331 | -7/Recycling | Discovered new exit (range 8) 1339 | -7/Recycling | Entered Factory 1339 | -5/Factory | Evolved 10 slots: Power x2, Propulsion x2, Utility x3, Weapon x3 1677 | -5/Factory | System corruption reached 10% 1697 | -5/Factory | Core integrity fell below 50% 1737 | -5/Factory | Lost 18 parts (2p1n6u9w) 1888 | -5/Factory | Core integrity fell below 20% 1893 | -5/Factory | Destroyed by Y-64 Sentinel with KE Penetrator Last Messages --------------- are within range. System corrupted: Substantial component data lost. G-50 Soldier destroyed. F5U2NA09ECINEXI 4AL1C TG 8RIHKJ1YCETFGK#AXW3X4QOMTKFF: System corrupted: Heat flow error (+232). System corrupted: Energy discharge (-39). ALERT: Suspicious intruders detected, dispatching Specialist reinforcements to area. [Achievement: Heavy Suspicion] System corrupted: Heat flow error (+157). X-67 Chaingunner knocked back. Magnetic Acceleration Cannon destroyed. 0C8ZI%FHTMX,RH/X/IEOXN36 5 Penetrated by Slug. Magnetic Acceleration Cannon destroyed. Penetrated by Slug. Slug penetrates Wall. Penetrated by Slug. Map ----- +----------------------------------------------------+ | ??????????????????????# ! %% ## # | | ??????????????????????# #### | | ??????????????????????# % % #??# | | ??????????????????????#% %]=% #??# | | ??????????????????????#+#####"########### #### | | ??????????????????????# #????### # # | | ??????????????????????# #??????# ! """# # | | ??????????????????????# #??????# """# # | | ??????????????????????# #??????# """# # | | ??????????????????????# #??????# + + | | ??????????????????????# #??????# """# # | | ??????????????????????# #??????# """# # | | ??????????????????????# #??????# ! """# # | | ??????????????????????# #??????# ####### | | ??????????????????????# #???? ##########?????#### | | ??????????????????????# #?? #?????????????????? | | ???????????????#+###### # #?????????????????? | | ???????H??????# + #?????????????????? | | ??????????????# ##### # #?????????????????? | | ??????????????????????# #?? #?????????????????? | | ???????????????????####+###??###?????????????????? | | ???????????????????# #??????????????????????? | | ???????????????????# """x #??????????????????????? | | ??????????????? # """ #??????????????????????? | | ??????????????? + """ #??????????????????????? | | ??????????????? # Y @#??????????????????????? | | ??????????????? ?# x #??????????????????????? | | ???????????????##??#######;??????????????????????? | | ??????????????????????????#??????????????????????? | | ?????????????????????????????????????????????????? | | ?????????????????????????????????????????????????? | | ?????????????????????????????????????????????????? | | ?????????????????????????????????????????????????? | | | | | | | | | | | | | | | | | | | | | | | | | | | | | | | | | | | +----------------------------------------------------+ Best States ------------- Heat Dissipation 40 Energy Generation 23 Energy Capacity 250 Matter Stores 300 Matter Capacity 300 Sight Range 16 Terrain Scan Density 10 Armor Coverage 300 Core Shielding 20 Evasion (%) 50 Recoil Reduction 2 Item Schematics ----------------- None Robot Schematics ------------------ None Fabricated ------------ Nothing Repaired ---------- Nothing Studied --------- None Alien Tech Used ----------------- None Achievements -------------- Heavy Suspicion Hydra Strength In Numbers Challenges ------------ None Game ------ Seed HardcellNavigationBeacon Manual? 0 Play Time 00:22:13 Cumulative 5.0 hours Start 2026.03.11 @ 15:43:14 End 2026.03.11 @ 16:03:25 Sessions 1 Manual Loads 0 Difficulty Rogue Special Mode None Game No. 7 Rogue 7 Adventurer 0 Explorer 0 Win Type - Total 0 Types 0/0/0/0/0/0/0/0/0/0 Lore% 3 Gallery% 7 Achievement% 9 Wizard Run 0 Options --------- Layout 1 ASCII 0 Keyboard 0 Movement Arrows Keybinds 0 Fullscreen 1 Font 32/SmallcapsGlow Map View 50x35 Zoom Use 0% Tactical HUD 0 Map Filters NONE Filters NONE Steam 1 RUN: 2968310e-9813-4067-b535-e1a4cb2b8134